 Dungeon Crawl Stone Soup version 0.23.2-1-ga50397a6bc (webtiles) character file.

Game seed: 15268181875887987656

6921 Revguard the Blocker (level 11, -2/66 HPs)
             Began as a Gargoyle Fighter on Apr 27, 2019.
             Was a High Priest of Makhleb.
             Slain by Erica
             ... wielding a +4 scimitar of flaming
              (13 damage)
             ... on level 9 of the Dungeon.
             The game lasted 00:28:19 (7881 turns).

Revguard the Blocker (Gargoyle Fighter)             Turns: 7881, Time: 00:28:22

Health: -2/66      AC: 22    Str: 20    XL:     11   Next: 7%
Magic:  16/16      EV:  8    Int: 10    God:    Makhleb [*****.]
Gold:   256        SH: 17    Dex: 11    Spells: 10/10 levels left

rFire    + . .     SeeInvis +   t - +0 morningstar
rCold    + . .     Gourm    .   u - +0 large shield
rNeg     + + .     Faith    .   p - +2 scale mail {rN+}
rPois    ∞         Spirit   .   (helmet restricted)
rElec    +         Reflect  .   s - +2 cloak {MR+}
rCorr    +         Harm     .   (no gloves)
MR       +....                  (no boots)
Stlth    ..........             (no amulet)
HPRegen  0.21/turn              h - ring of see invisible
MPRegen  0.15/turn              l - +1 ring of protection

@: resistant
A: horns 1, negative energy resistance 1, electricity resistance, wild magic 1,
unbreathing, evolution 1, petrification resistance, rot immunity, AC +8
a: Minor Destruction, Lesser Servant of Makhleb, Major Destruction, Greater
Servant of Makhleb, Renounce Religion


You were on level 9 of the Dungeon.
You worshipped Makhleb.
Makhleb was extremely pleased with you.
You were not hungry.

You visited 1 branch of the dungeon, and saw 9 of its levels.
You also visited: Ossuary.

You collected 499 gold pieces.
You spent 243 gold pieces at shops.

Inventory:

Hand Weapons
 o - a +1 hand axe of flaming
 t - a +0 morningstar (weapon)
 H - the +2 broad axe "Odiuqy" {chop, rElec Str+4}
   (You bought it in a shop on level 8 of the Dungeon)

   It inflicts extra damage upon your enemies.
   It affects your strength (+4).
   It insulates you from electricity.
Armour
 p - a +2 scale mail of positive energy (worn)
 s - a +2 cloak of magic resistance (worn)
 u - a +0 large shield (worn)
 w - a +0 plate armour
Jewellery
 e - an uncursed ring of teleportation
 h - a ring of see invisible (left hand)
 l - a +1 ring of protection (right hand)
 x - an uncursed ring of fire
 G - a cursed -2 ring of evasion
Wands
 b - a wand of flame (30)
 c - a wand of iceblast (10)
 z - a wand of enslavement (6)
 D - a wand of digging (10)
Scrolls
 g - 3 scrolls of blinking
 i - 5 scrolls of remove curse
 k - 3 scrolls of teleportation
 n - 4 scrolls of amnesia
 q - a scroll of immolation
 v - 2 scrolls of enchant armour
 y - a scroll of fear
 E - a scroll of acquirement {unknown}
 F - a scroll of identify
Potions
 a - a potion of ambrosia
 d - 8 potions of curing
 j - 3 potions of cancellation
 r - 4 potions of brilliance
 A - a potion of haste
 B - 2 potions of magic
 C - a potion of agility
Comestibles
 f - 17 rations


   Skills:
 + Level 6.5 Fighting
 + Level 9.0 Maces & Flails
 + Level 6.7 Armour
 + Level 3.4 Dodging
 + Level 10.1 Shields
 * Level 7.6 Invocations


You had 10 spell levels left.
You didn't know any spells.
Your spell library contained the following spells:

 Spells                   Type           Power        Failure   Level  Hunger
 Animate Skeleton         Necr           N/A          100%        1    ##.....
 Pain                     Necr           #...         100%        1    ##.....
 Regeneration             Chrm/Necr      #.........   100%        3    ####...
 Vampiric Draining        Necr           #.........   100%        3    ####...
 Animate Dead             Necr           N/A          100%        4    #####..


Dungeon Overview and Level Annotations

Branches:
Dungeon (9/15)             Temple (0/1) D:7            Lair (0/6) D:8
    Orc: D:9-12

Altars:
Gozag
Makhleb
Qazlal
Trog
Uskayaw
Wu Jian
The Shining One

Shops:
D:8 (

Annotations:
D:9 Erica


Innate Abilities, Weirdness & Mutations

You are resistant to torment.
Your stone body is resilient. (AC +8)
You are immune to poison.
You resist negative energy. (rN+)
You are resistant to electric shocks. (rElec)
You can survive without breathing.
You are immune to petrification.
You are immune to rotting.
You have a pair of small horns on your head.
Your spells are a little harder to cast, but a little more powerful.
You evolve.


Message History

Erica is severely wounded.
Erica laughs wildly.
Erica casts a spell at you. The orb of energy hits you.
* * * LOW HITPOINT WARNING * * *
Press: ? - help, Shift-Dir - straight line, f - Erica
Aim: Erica, wielding a +4 scimitar of flaming and wearing a +1 robe of magic resistance (severely wounded, unusually strong, slightly transparent, lightly drained)
The zap misses Erica.
The zap hits the orc wizard.
The orc wizard is lightly wounded.
The zap hits the orc.
The orc is moderately wounded.
The orc wizard gestures wildly while chanting.
The orc wizard blinks!
You block Erica's attack.
You closely miss Erica.
Erica is severely wounded.
The orc wizard points at you and mumbles some strange words.
The magic dart hits you!
* * * LOW HITPOINT WARNING * * *
Erica hits you with a +4 scimitar of flaming!
You die...

.........................>##.##.#
...###.##########.#######.##.##.#
...'...# #.# #.##.##.# ...###.#
#.# #.##.##.# ...# #... #.#
#.##.##.# ...# #.#.#
#.#######.##.##.# ...# #.#.#
#.#.......##.##.# #.## #.#
########.#.########.##.# #(#
#.#.#.())o@@(...........##.# #.#
#.#'#.######.#o###########.# #.#
#......# #.........#####.# #.#
#@.....# ###.#####.#.)...#
#.#....o....# #.....#.#.#####
#.#@##.###.... #.....#.#.# #.#
#.. #...... #.....#.#.# #.
#......# #.......#.# # #......#
#.#.#####.#


You could see Erica (invisible), an orc wizard and an orc.

Vanquished Creatures
  Harold (D:7)
  A hornet (D:8)
  A troll (D:8)
  3 hippogriffs
  A spriggan (D:7)
  Sigmund (D:2)
  2 hungry ghosts (D:7)
  Edmund (D:4)
  Duvessa (D:7)
  A black bear (D:8)
  3 ice beasts
  A sky beast (D:7)
  3 orc warriors
  3 ogres
  3 phantoms
  A wolf (D:8)
  3 centaurs
  2 elf zombies (Ossuary)
  2 wyvern skeletons
  A scorpion (D:6)
  3 killer bees (D:9)
  4 wights (D:5)
  4 electric eels (D:8)
  A howler monkey (D:4)
  A bullfrog zombie (D:7)
  3 crimson imps
  A centaur zombie (D:8)
  A human zombie (Ossuary)
  2 jellies
  A quasit (D:7)
  3 orc priests
  Crazy Yiuf (D:3)
  9 hounds
  6 orc wizards
  2 bullfrog skeletons (D:6)
  A centaur skeleton (D:8)
  2 iguanas (D:4)
  9 worker ants
  2 hound zombies (D:5)
  2 mummies (Ossuary)
  A worker ant zombie (D:6)
  10 gnolls
  A howler monkey skeleton (D:7)
  9 adders
  A shadow imp (D:9)
  An ooze (D:3)
  A worm (D:4)
  3 dart slugs (D:1)
  6 leopard geckos
  17 orcs
  2 ball pythons
  5 giant cockroaches
  6 goblins
  9 hobgoblins
  27 jackals
  A quokka (D:3)
  4 bats
  5 frilled lizards
  2 goblin zombies (Ossuary)
  8 hobgoblin zombies (Ossuary)
  2 jackal zombies (Ossuary)
  6 kobolds
  7 kobold zombies (Ossuary)
  A leopard gecko skeleton (D:5)
  A leopard gecko zombie (D:7)
  10 orc zombies (Ossuary)
  A quokka skeleton (D:5)
  A quokka zombie (D:6)
  6 rats
  4 rat zombies (Ossuary)
  2 plants (D:1)
253 creatures vanquished.

Vanquished Creatures (collateral kills)
  A two-headed ogre (D:9)
  Dowan (D:7)
  An orc wizard (D:5)
  3 orcs (D:5)
6 creatures vanquished.

Vanquished Creatures (others)
  A plant (D:1)
1 creature vanquished.

Grand Total: 260 creatures vanquished

Notes
Turn   | Place    | Note
-------+----------+-------------------------------------------
     0 | D:1      | Revguard the Gargoyle Fighter began the quest for the Orb.
     0 | D:1      | Reached XP level 1. HP: 14/14 MP: 1/1
   244 | D:1      | Reached XP level 2. HP: 19/19 MP: 2/2
   613 | D:1      | Reached XP level 3. HP: 23/23 MP: 3/3
  1420 | D:2      | Reached XP level 4. HP: 21/29 MP: 4/4
  1447 | D:2      | Found an opulent altar of Gozag.
  1466 | D:2      | Found a faded altar of an unknown god.
  1469 | D:2      | Noticed Sigmund
  1474 | D:2      | Became a worshipper of Makhleb the Destroyer
  1474 | D:2      | Reached * piety under Makhleb
  1508 | D:2      | Killed Sigmund
  1508 | D:2      | Reached skill level 1 in Dodging
  1508 | D:2      | Reached skill level 4 in Shields
  1508 | D:2      | Reached skill level 1 in Invocations
  1508 | D:2      | Reached XP level 5. HP: 21/33 MP: 4/6
  1590 | D:2      | Reached XP level 6. HP: 36/38 MP: 7/7
  1976 | D:3      | Reached ** piety under Makhleb
  2161 | D:3      | Found a runed translucent door.
  2162 | D:3      | Noticed Crazy Yiuf
  2171 | D:3      | Killed Crazy Yiuf
  2861 | D:4      | Reached XP level 7. HP: 34/43 MP: 8/8
  2931 | D:4      | Reached skill level 5 in Shields
  3239 | D:4      | Noticed Edmund
  3250 | D:4      | Killed Edmund
  3656 | D:5      | Entered Level 5 of the Dungeon
  3657 | D:5      | Found an ornate altar of the Wu Jian Council.
  3657 | D:5      | Found a glowing golden altar of the Shining One.
  3658 | D:5      | Found a stormy altar of Qazlal.
  3680 | D:5      | Reached skill level 5 in Maces & Flails
  3724 | D:5      | Reached XP level 8. HP: 38/48 MP: 10/10
  3729 | D:5      | Reached *** piety under Makhleb
  4131 | D:5      | Reached skill level 6 in Shields
  4132 | D:5      | Found a bloodstained altar of Trog.
  4262 | D:5      | Gained mutation: You are agile. (Dex +2) [potion of
                  | mutation]
  4262 | D:5      | Gained mutation: You tend to lose your temper in combat.
                  | [potion of mutation]
  4262 | D:5      | Gained mutation: You have sharp toenails. [potion of
                  | mutation]
  4297 | D:5      | Reached skill level 5 in Armour
  4769 | D:6      | Reached skill level 7 in Shields
  4783 | D:6      | Reached XP level 9. HP: 47/53 MP: 12/12
  4838 | D:6      | Reached skill level 5 in Fighting
  5141 | D:7      | Noticed Harold
  5166 | D:7      | Reached skill level 5 in Invocations
  5186 | D:7      | Killed Harold
  5186 | D:7      | Reached skill level 8 in Shields
  5378 | D:7      | Found a hide-covered altar of Uskayaw.
  5535 | D:7      | Found a staircase to the Ecumenical Temple.
  5555 | D:7      | Reached XP level 10. HP: 60/60 MP: 14/14
  5592 | D:7      | Noticed Duvessa
  5593 | D:7      | Noticed Dowan
  5616 | D:7      | Killed Duvessa
  5641 | D:7      | Killed Dowan
  5777 | D:7      | Found a sand-covered staircase.
  5786 | Ossuary  | Entered an ossuary
  5801 | Ossuary  | Reached **** piety under Makhleb
  6254 | D:7      | Reached skill level 9 in Shields
  6430 | D:7      | Got a faintly humming ring mail
  6431 | D:7      | Identified the cursed +0 ring mail "Vycwyam" {Str-4 Dex+3}
                  | (You found it on level 7 of the Dungeon)
  6939 | D:8      | Reached ***** piety under Makhleb
  6974 | D:8      | Found a staircase to the Lair.
  7330 | D:8      | Found Guisuhio's Antique Weapon Boutique.
  7333 | D:8      | Bought a crystal broad axe for 243 gold pieces
  7335 | D:8      | Identified the +2 broad axe "Odiuqy" {chop, rElec Str+4}
                  | (You bought it in a shop on level 8 of the Dungeon)
  7368 | D:8      | Lost mutation: You have sharp toenails. [potion of
                  | mutation]
  7368 | D:8      | Lost mutation: You are agile. (Dex +2) [potion of mutation]
  7368 | D:8      | Lost mutation: You tend to lose your temper in combat.
                  | [potion of mutation]
  7368 | D:8      | Gained mutation: You occasionally shout uncontrollably at
                  | your foes. [potion of mutation]
  7368 | D:8      | Gained mutation: You evolve. [potion of mutation]
  7400 | D:9      | Lost mutation: You occasionally shout uncontrollably at
                  | your foes. [evolution]
  7400 | D:9      | Lost mutation: You evolve. [end of evolution]
  7407 | D:9      | Gained mutation: Your spells are a little harder to cast,
                  | but a little more powerful. [potion of mutation]
  7407 | D:9      | Gained mutation: You have a pair of small horns on your
                  | head. [potion of mutation]
  7407 | D:9      | Gained mutation: You evolve. [potion of mutation]
  7839 | D:9      | Noticed a two-headed ogre
  7843 | D:9      | Noticed Erica
  7861 | D:9      | Killed a two-headed ogre
  7861 | D:9      | Reached skill level 10 in Shields
  7861 | D:9      | Reached XP level 11. HP: 29/66 MP: 16/16
  7881 | D:9      | Slain by Erica

Skill      XL: |  1  2  3  4  5  6  7  8  9 10 |
---------------+-------------------------------+-----
Fighting       | 4 5 6 |  6.5
Maces & Flails | 3 4 5 6 7 9 |  9.0
Armour         | 4 5 6 |  6.7
Dodging        | 1 2 3 |  3.4
Shields        | 4 5 7 8 10 | 10.1
Invocations    | 1 2 3 4 6 7 |  7.6

Action                   |  1- 3 |  4- 6 |  7- 9 | 10-12 || total
-------------------------+-------+-------+-------+-------++-------
Melee: Flail             |   248 |   240 |   415 |   159 ||  1062
       Kick              |       |       |    90 |    90 ||   180
       Morningstar       |       |       |       |   258 ||   258
       Headbutt          |       |       |       |    15 ||    15
       Broad axe         |       |       |       |     2 ||     2
Invok: Minor Destruction |       |       |    10 |     1 ||    11
       Lesser Servant of |       |       |     2 |     3 ||     5
       Major Destruction |       |       |       |     2 ||     2
  Use: Potion            |     4 |     1 |     5 |     4 ||    14
       Scroll            |       |    10 |     6 |     6 ||    22
 Stab: Invisible         |       |       |     4 |       ||     4
       Distracted        |       |       |     1 |       ||     1
  Eat: Chunk             |     2 |     4 |     9 |     5 ||    20
       Ration            |       |       |     2 |     1 ||     3
Armor: Scale mail        |    90 |   147 |    77 |   174 ||   488
       Chain mail        |       |       |   220 |       ||   220
Dodge: Dodged            |    59 |    82 |   101 |   106 ||   348
Block: Shield            |    72 |   158 |   175 |       ||   405
       Large shield      |       |       |   212 |   415 ||   627
